 Dungeon Crawl Stone Soup version 0.29.1-12-g30fa7ad0bf (webtiles) character file.

Game seed: 13136839933424835704

6617 hawla the Frost Mage (level 11, -1/79 HPs)
             Began as a Meteoran Ice Elementalist on Jan 8, 2023.
             Slain by a yak (13 damage)
             ... on level 8 of the Dungeon.
             The game lasted 00:22:38 (5366 turns).

hawla the Frost Mage (Meteoran Ice Elementalist)    Turns: 5366, Time: 00:22:38

Health: -1/79      AC:  6    Str: 10    XL:     11   Next: 45%
Magic:  27/34      EV: 14    Int: 21    God:
Gold:   71         SH:  0    Dex: 15    Spells: 11/29 levels left

rFire   + . .      SeeInvis .   y - +9 scimitar of Eternal Vigilance {elec, +Blink rF+ rC+ rN+}
rCold   + . .      Faith    .   (no shield)
rNeg    + + .      Spirit   .   r - +0 steam dragon scales
rPois   .          Reflect  .   (no helmet)
rElec   .          Harm     .   (no cloak)
rCorr   .          Rampage  .   (no gloves)
Will    +....                   k - +0 pair of boots
Stlth   +.........              l - amulet of the acrobat
HPRegen 0.23/turn               n - ring of positive energy
MPRegen 0.24/turn               w - ring of magical power

@: glowing
A: sense surroundings 2, otherworldly, glowing, explore regen
a: Evoke Blink


You were on level 8 of the Dungeon.
You visited 2 branches of the dungeon, and saw 11 of its levels.

You collected 341 gold pieces.
You spent 270 gold pieces at shops.

Inventory:

Hand Weapons
 y - the +9 scimitar of Eternal Vigilance (weapon) {elec, +Blink rF+ rC+ rN+}
   (You bought it in a shop on level 10 of the Dungeon)

   It occasionally discharges a powerful burst of electricity upon striking a
   foe.
   rF:        It protects you from fire.
   rC:        It protects you from cold.
   rN:        It protects you from negative energy.
   +Blink:    It lets you blink.
Armour
 k - a +0 pair of boots (worn)
 r - +0 steam dragon scales (worn)
Magical Staves
 m - a staff of earth
Jewellery
 a - a +6 ring of strength
 j - a ring of fire
 l - an amulet of the acrobat (around neck)
 n - a ring of positive energy (left hand)
 w - a ring of magical power (right hand)
 A - a ring of fire
Wands
 g - a wand of roots (2) (quivered)
 t - a wand of polymorph (6)
 u - a wand of flame (14)
Scrolls
 d - 2 scrolls of magic mapping
 e - 3 scrolls of enchant weapon
 f - 2 scrolls of teleportation
 h - 8 scrolls of identify
 i - a scroll of butterflies
 v - a scroll of brand weapon {unknown}
Potions
 b - 2 potions of magic
 c - 2 potions of resistance
 o - a potion of attraction {unknown}
 p - a potion of might
 q - a potion of curing
 x - 3 potions of brilliance {unknown}
 z - a potion of ambrosia {unknown}
 B - a potion of lignification {unknown}


   Skills:
 - Level 2.1 Fighting
 - Level 1.5 Staves
 - Level 4.4 Dodging
 - Level 1.4 Stealth
 - Level 9.8 Spellcasting
 - Level 7.0 Conjurations
 + Level 13.4 Ice Magic
 - Level 2.6 Earth Magic
 - Level 3.7 Evocations


You had 11 spell levels left.
You knew the following spells:

 Your Spells              Type           Power      Damage    Failure   Level
a - Freeze                Ice            100%       1d11      1%          1
b - Frozen Ramparts       Ice            100%       1d16      1%          3
c - Hailstorm             Conj/Ice       52%        3d12      1%          4
d - Stone Arrow           Conj/Erth      60%        3d10      2%          3
e - Ozocubu's Refrigerat  Ice            30%        4d14      22%         7

Your spell library contained the following spells:

 Spells                   Type           Power      Damage    Failure   Level
 Ozocubu's Armour         Ice            61%        N/A       1%          3
 Sandblast                Erth           42%        2d11      2%          1
 Ice Form                 Ice/Tmut       38%        N/A       4%          4
 Summon Ice Beast         Ice/Summ       38%        N/A       4%          4
 Passwall                 Tmut/Erth      12%        N/A       6%          2
 Summon Small Mammal      Summ           40%        N/A       7%          1
 Call Canine Familiar     Summ           10%        N/A       21%         3
 Summon Guardian Golem    Hex/Summ       10%        N/A       21%         3


Dungeon Overview and Level Annotations

Branches:
Dungeon (10/15) Zot: 940   Temple (1/1) D:6 Zot: 435    Lair (0/5) D:10
    Orc: D:9-12

Altars:
Ashenzari
Cheibriados
Fedhas
Gozag
Hepliaklqana
Kikubaaqudgha
Makhleb
Nemelex Xobeh
Okawaru
Qazlal
Ru
Sif Muna
Trog
Uskayaw
Wu Jian
Xom
Yredelemnul
Zin
The Shining One

Shops:
D:5 *   D:10 (


Innate Abilities, Weirdness & Mutations

You passively map the area around you.
You are easily found by Zot.
You glow in the dark.
You regain HP and MP as you explore.


Message History

Aiming: Freeze (safe; 1% risk of failure)
Press: ? - help, Shift-Dir - straight line, f/p - yak
Aim: a yak (almost dead)
You freeze the yak!
You kill the yak!
Unknown command.
(D) Dungeon (T) Temple (L) Lair
Where to? (Enter - D:10, ? - help)
What level of the Dungeon? (default 1, ? - help)
The frozen ramparts melt away as you move.
There is a stone staircase leading up here.
You climb upwards.
There is a stone staircase leading down here.
You see here a +0 dagger.
Things that are here:
a +0 scale mail; a +6 vorpal spear
There is a stone staircase leading up, spattered with blood here.
You climb upwards.
The yak gores you.
The gnoll hits you with a +2 flail of holy wrath.
The gnoll hits you with a +0 flail!
* * * LOW HITPOINT WARNING * * *
There is a stone staircase leading down, spattered with blood here.
Unknown command.
Casting: Freeze (safe; 1% risk of failure)
Confirm with . or Enter, or press ? or * to list all spells.
Casting: Frozen Ramparts (safe; 1% risk of failure)
Press: ? - help, Dir - look around, f - activate A stone staircase leading down, spattered with blood.
Okay, then.
As you read the scroll labelled UCUPHA VUHUKK, it crumbles to dust.
You hear a loud clanging noise!
It was a scroll of noise.
You hear a shout!
You hear a croak.
You hear a shout! x7
The yak gores you!
* * * LOW HITPOINT WARNING * * *
The yak gores you.
* * * LOW HITPOINT WARNING * * *
The yak barely misses you. The gnoll misses you. x2
You feel better. The yak gores you!
You die...

* *#..........., , * ,
*#........... .# ,*,
##.........###.# .
..)........#...##*, ..#
#..#........#...#, * ,
.... #..#........#....
, #...##.#...#.........
, #....Y.g.............
* #.....@YY.Y..........
, *
.......gY............<,
**
...........#..........
.#.#......###.........,
* ,,
*#.......###..#.......
, *
*....##...,#.##)#.....
, , #...# ##..,..
.#..#.# ,,* #...*
##.... ,.. ## # , , ,
,, .#.. .# ,


You could see 5 yaks and 2 gnolls.

Vanquished Creatures
  A two-headed ogre (D:8)
  An unseen horror (D:10)
  A troll (D:10)
  Sigmund (D:4)
  A shadow (D:9)
  13 yaks
  A wraith (D:9)
  2 steam dragons
  3 wargs (D:10)
  3 orc warriors
  A sky beast (D:7)
  2 ice beasts
  An ogre (D:5)
  A phantom (D:5)
  A gnoll sergeant (D:9)
  A bullfrog (D:7)
  5 scorpions
  7 wights
  4 killer bees (D:9)
  A vampire bat (D:4)
  4 hounds
  4 orc priests
  3 jellies
  2 iguanas
  15 orc wizards
  6 adders
  8 gnolls
  A shadow imp (D:5)
  4 ufetubi
  A worm (D:4)
  23 orcs
  An endoplasm (D:4)
  2 giant cockroaches
  A goblin (D:4)
  3 hobgoblins
  3 jackals (D:4)
  4 kobolds
  A quokka (D:4)
  2 ball pythons
  5 bats (D:4)
  A frilled lizard (D:1)
145 creatures vanquished.

Vanquished Creatures (others)
  7 plants (D:5)
7 creatures vanquished.

Grand Total: 152 creatures vanquished

Notes
Turn   | Place    | Note
-------+----------+-------------------------------------------
     0 | D:1      | hawla the Meteoran Ice Elementalist began the quest for the
                  | Orb.
     0 | D:1      | Reached XP level 1. HP: 14/14 MP: 5/5
   129 | D:2      | Reached XP level 2. HP: 20/20 MP: 1/7
   131 | D:2      | Found a faded altar of an unknown god.
   349 | D:3      | Reached XP level 3. HP: 26/26 MP: 6/8
   353 | D:3      | Learned a level 3 spell: Frozen Ramparts
   367 | D:4      | Reached skill level 5 in Ice Magic
   450 | D:4      | Reached XP level 4. HP: 33/33 MP: 3/10
   459 | D:4      | Noticed a scorpion
   463 | D:4      | Killed a scorpion
   464 | D:4      | Reached XP level 5. HP: 37/39 MP: 0/12
   469 | D:4      | Learned a level 4 spell: Hailstorm
   506 | D:4      | Reached skill level 1 in Conjurations
   538 | D:4      | Reached XP level 6. HP: 46/46 MP: 1/13
  1103 | D:4      | Noticed Sigmund
  1107 | D:4      | Killed Sigmund
  1108 | D:4      | Reached skill level 5 in Conjurations
  1108 | D:4      | Reached XP level 7. HP: 43/51 MP: 2/15
  1136 | D:4      | Reached skill level 5 in Spellcasting
  1257 | D:5      | Entered Level 5 of the Dungeon
  1297 | D:5      | Reached XP level 8. HP: 56/58 MP: 3/16
  1319 | D:5      | Found Yhatuc's Elemental Accessories.
  1326 | D:5      | Reached skill level 6 in Ice Magic
  2255 | D:6      | Found a staircase to the Ecumenical Temple.
  2325 | D:6      | Reached skill level 1 in Staves
  2364 | Temple   | Entered the Ecumenical Temple
  2596 | D:6      | Gained mutation: You passively map the area around you.
                  | [Meteoran growth]
  2596 | D:6      | Reached XP level 9. HP: 56/63 MP: 11/20
  2617 | D:5      | Reached skill level 1 in Fighting
  2617 | D:5      | Reached skill level 7 in Ice Magic
  3462 | D:7      | Found a broken altar of Ashenzari.
  3772 | D:7      | Found an opulent altar of Gozag.
  3985 | D:7      | Reached skill level 8 in Ice Magic
  4077 | D:7      | Learned a level 3 spell: Stone Arrow
  4210 | D:2      | Glimpsed the power of Zot.
  4259 | D:5      | Glimpsed the power of Zot.
  4298 | D:7      | Glimpsed the power of Zot.
  4307 | D:7      | Touched by the power of Zot.
  4313 | D:8      | Noticed a two-headed ogre
  4322 | D:8      | Killed a two-headed ogre
  4323 | D:8      | Reached XP level 10. HP: 22/73 MP: 24/24
  4338 | D:8      | Reached skill level 9 in Ice Magic
  4372 | D:9      | Learned a level 7 spell: Ozocubu's Refrigeration
  4420 | D:9      | Reached skill level 10 in Ice Magic
  4564 | D:9      | Found a sparkling altar of Nemelex Xobeh.
  4567 | D:9      | Found a basalt altar of Yredelemnul.
  4570 | D:9      | Found a hide-covered altar of Uskayaw.
  4573 | D:9      | Found a shimmering altar of Xom.
  4628 | D:9      | Found a glowing golden altar of the Shining One.
  4701 | D:9      | Found a hazy altar of Hepliaklqana.
  4755 | D:9      | Found an ornate altar of the Wu Jian Council.
  4822 | D:9      | Found a sacrificial altar of Ru.
  4840 | D:10     | Entered Level 10 of the Dungeon
  4875 | D:10     | Reached skill level 11 in Ice Magic
  4901 | D:10     | Found a staircase to the Lair.
  4906 | D:10     | Reached XP level 11. HP: 39/79 MP: 20/25
  4923 | D:10     | Found Leczairy's Antique Weapon Shop.
  4930 | D:10     | Bought a bone scimitar for 270 gold pieces
  4930 | D:10     | Identified the +9 scimitar of Eternal Vigilance {elec,
                  | +Blink rF+ rC+ rN+} (You bought it in a shop on level 10 of
                  | the Dungeon)
  4987 | D:10     | Reached skill level 12 in Ice Magic
  5314 | D:10     | Reached skill level 13 in Ice Magic
  5366 | D:8      | Slain by a yak

Illustrated notes

Levels and vault maps discovered:
D:1:      kilobyte_arrival_exit_the_forest, layout_loops_corners, serial_shops,
          nicolae_shop_temple_entry_statues_fountains, kennysheep_pointless_box,
          nicolae_concentric_dashed_squares_wild
D:2:      layout_basic, basic_altar, ebering_ecumenical_altar_rust
D:3:      layout_basic, nicolae_elyvilon_peaceful_grove,
          nicolae_underground_beach, uniq_grinder
D:4:      layout_loops_ring, minmay_misc_feat_doors, grunt_ministairs_11,
          roderic_batcave, uniq_sigmund
D:5:      wad_lake_hut, layout_loops_corners, serial_glass, glass_columns_a,
          glass_columns_b, st_stairs_10, nicolae_elemental_shop
D:6:      layout_basic, minmay_temple_entry_waves
D:7:      layout_basic, nicolae_gozag_seed_capital,
          nicolae_ashenzari_panopticon, nrook_mini_vaults, nicolae_benzene_ring
D:8:      layout_cave_pools, vehumet_statue, mainiacjoe_overflow_brackets
D:9:      layout_big_octagon, nicolae_hepliaklqana_hippocampus,
          grunt_temple_overflow_cloverleaf, mainiacjoe_overflow_tiny_flanked,
          tso_altar, kennysheep_mini_moat
D:10:     layout_gridville, erik_lair_orcish_takeover, serial_shops, shop
Temple:   hellmonk_temple_forest_ring

Skill      XL: |  1  2  3  4  5  6  7  8  9 10 11 |
---------------+----------------------------------+-----
Spellcasting   | 3 4 5 7 9 |  9.8
Ice Magic      | 5 6 8 11 13 | 13.4
Conjurations   | 2 5 6 7 |  7.0
Dodging        | 3 4 |  4.4
Earth Magic    | 2 |  2.6
Evocations     | 2 3 |  3.7
Staves         | 1 |  1.5
Fighting       | 2 |  2.1
Stealth        | |  1.4

Action                   |  1- 3 |  4- 6 |  7- 9 | 10-12 || total
-------------------------+-------+-------+-------+-------++-------
Melee: Unarmed           |    10 |       |       |       ||    10
       Staff             |       |     4 |    57 |     4 ||    65
 Cast: Freeze            |    21 |    14 |    29 |    21 ||    85
       Frozen Ramparts   |     3 |    12 |    27 |    11 ||    53
       Hailstorm         |       |     4 |    31 |    24 ||    59
       Stone Arrow       |       |       |     2 |    25 ||    27
Evoke: Wand              |       |       |    17 |     3 ||    20
  Use: Scroll            |     3 |       |     8 |     2 ||    13
       Potion            |       |       |     4 |     3 ||     7
Armor: Robe              |     6 |     7 |    16 |       ||    29
       Steam dragon scal |       |       |       |    24 ||    24
Dodge: Dodged            |    14 |     7 |    80 |    65 ||   166
